 Dungeon Crawl Stone Soup version 0.28-a0-533-g9f97627e2a (webtiles) character file.

Game seed: 6209490789046514615

19 bande the Shield-Bearer (level 2, 19/19 HPs)
             Began as a Gargoyle Fighter on Sept 26, 2021.
             Quit the game on level 1 of the Dungeon.
             The game lasted 00:00:41 (412 turns).

bande the Shield-Bearer (Gargoyle Fighter)           Turns: 412, Time: 00:00:42

Health: 19/19      AC:  9    Str: 21    XL:     2   Next: 75%
Magic:  2/2        EV:  9    Int:  8    God:
Gold:   11         SH:  4    Dex:  9    Spells: 1/1 levels left

rFire   . . .      SeeInvis .   a - +0 war axe
rCold   . . .      Faith    .   c - +0 buckler
rNeg    + . .      Spirit   .   b - +0 scale mail
rPois   ∞          Reflect  .   (no helmet)
rElec   +          Harm     .   (no cloak)
rCorr   .          Rampage  .   (no gloves)
Will    .....                   (no boots)
Stlth   ..........              (no amulet)
HPRegen 0.06/turn               (no ring)
MPRegen 0.08/turn               (no ring)

@: no status effects
A: sickness immunity, AC +2, negative energy resistance 1, electricity
resistance, torment resistance 1, petrification resistance, deterioration 1,
strong 1, inability to read while threatened
a: no special abilities


You were on level 1 of the Dungeon.
You visited 1 branch of the dungeon, and saw 1 of its levels.

You collected 11 gold pieces.

Inventory:

Hand Weapons
 a - a +0 war axe (weapon)
Armour
 b - a +0 scale mail (worn)
 c - a +0 buckler (worn)
Scrolls
 e - a scroll of identify
Potions
 d - a potion of might


   Skills:
 + Level 3.5 Fighting
 + Level 1.9 Axes
 + Level 3.5 Armour
 + Level 3.8 Shields


You had one spell level left.
You didn't know any spells.
Your spell library was empty.

Dungeon Overview and Level Annotations

Branches:
Dungeon (1/15)

Altars:


Innate Abilities, Weirdness & Mutations

You are immune to sickness and miasma.
Your stone body is resilient. (AC +2)
You are immune to poison.
You resist negative energy. (rN+)
You are resistant to electric shocks. (rElec)
You are resistant to unholy torment.
You are immune to petrification.
Your body sometimes deteriorates upon taking damage.
Your muscles are strong. (Str +2)
You sometimes lose the ability to read scrolls when taking damage.


Message History

You slash the gnoll!
You kill the gnoll!
No target in view!
No target in view!
No target in view!
No target in view!
No target in view!
Things that are here:
a +0 club; a gnoll corpse; a hobgoblin corpse
e - 2 scrolls labelled LALAK KAME
Found an escape hatch in the floor.
There is an escape hatch in the floor here.
A kobold comes into view. It is wielding a +0 dagger.
The kobold shouts!
You hear an angry hiss.
Found a fizzy grey potion.
You block the kobold's attack.
You hit the kobold.
The kobold is severely wounded.
The kobold hits you with a +0 dagger. x2
You barely miss the kobold.
The kobold is severely wounded.
The kobold barely misses you.
You slash the kobold!
You kill the kobold!
No target in view!
No target in view!
No target in view!
No target in view!
Found two stone staircases leading down.
Found a ring mail.
f - a fizzy grey potion
As you read the scroll labelled LALAK KAME, it crumbles to dust.
It is a scroll of identify.
f - a potion of mutation Really quaff the potion of mutation?
You feel extremely strange.
You feel stronger.
You lose the ability to read scrolls when threatened.
You feel yourself wasting away.
Are you sure you want to abandon this character and quit the game? (Confirm with "yes".)

# #....)....#### #
#.####......##[# #
####.#.##># # # #.#.##.#
# .# #.#.##.# # .#
#.#.##.# ###.# #.#.##.#
....#######.#.##.#
..............##@#######
#.#######...#...........
#.## #......#.#.#.#####
..># #.#.###.......#
...####.#.# ##.#.#.##
.....##.#)# .......#
........#.# ##.#.#.##
.....####.. .......#
...### #.# #.#>#.##


There were no monsters in sight!

Vanquished Creatures
  A gnoll (D:1)
  An endoplasm (D:1)
  A goblin (D:1)
  2 hobgoblins (D:1)
  A quokka (D:1)
  A bat (D:1)
  A frilled lizard (D:1)
  A kobold (D:1)
  A rat (D:1)
10 creatures vanquished.

Notes
Turn   | Place    | Note
-------+----------+-------------------------------------------
     0 | D:1      | bande the Gargoyle Fighter began the quest for the Orb.
     0 | D:1      | Reached XP level 1. HP: 14/14 MP: 1/1
   289 | D:1      | Reached XP level 2. HP: 19/19 MP: 2/2
   411 | D:1      | Gained mutation: Your muscles are strong. (Str +2) [potion
                  | of mutation]
   411 | D:1      | Gained mutation: You sometimes lose the ability to read
                  | scrolls when taking damage. [potion of mutation]
   411 | D:1      | Gained mutation: Your body sometimes deteriorates upon
                  | taking damage. [potion of mutation]
   412 | D:1      | Quit the game

Illustrated notes

Levels and vault maps discovered:
D:1:      matt_arrival_spirals, layout_loops_ring, st_stairs_12,
          amcnicky_mini_pool_small, minmay_misc_feat_doors, serial_bayou_pond_e

Action                   || total
-------------------------++-------
Melee: War axe           ||    24
  Use: Scroll            ||     1
       Potion            ||     1
Armor: Scale mail        ||     7
Dodge: Dodged            ||    10
Block: Buckler           ||     8

Table legend: (Time is in decaauts)
 A = Elapsed time spent in this place.
 B = Non-inter-level travel time spent in this place.
 C = Inter-level travel time spent in this place.
 D = Time resting spent in this place.
 E = Time spent auto-exploring this place.
 F = Levels seen in this place.
 G = Mean time per level.
                   A        B        C        D        E       F      G
               +--------+--------+--------+--------+--------+-----+--------+
         Total |    422 |    422 |      0 |      0 |    360 |   1 |  422.0 |
       Dungeon |    422 |    422 |      0 |      0 |    360 |   1 |  422.0 |
               +--------+--------+--------+--------+--------+-----+--------+

Top non-repeatable levels by time:
     D:1: 422 daAuts
